 Dungeon Crawl Stone Soup version 0.32-a0-818-gb728d0252e (webtiles) character file.

Game seed: 13024864748526618703

57867 Bamboolord the Warrior (level 14, -4/135 HPs)
             Began as a Minotaur Berserker on Mar 24, 2024.
             Was a High Priest of Trog.
             Slain by a quicksilver ooze (15 damage)
             ... on level 5 of the Lair of Beasts.
             The game lasted 00:26:58 (17552 turns).

Bamboolord the Warrior (Minotaur Berserker)        Turns: 17552, Time: 00:26:59

Health: -4/135     AC: 23    Str: 26    XL:     14   Next: 47%
Magic:  1/4        EV:  9    Int:  4    God:    Trog [*****.]
Gold:   877        SH:  0    Dex: 11    Spells: 13/13 levels left

rFire   + + .        a - +2 demon whip (antimagic)
rCold   . . .        d - +0 kite shield
rNeg    . . .        I - +2 plate armour {rF+}
rPois   +            k - +1 hat
rElec   .            N - +0 cloak
rCorr   .            (no gloves)
SInv    +            e - +0 pair of boots
Will    +....        J - amulet of magic regeneration Stlth
                     G - ring "Kisuf" {+Blink rPois SInv}
HPRegen 0.42/turn    C - ring of Muh Kelem {rF+ Stlth+}
MPRegen 0.49/turn

%: no passive effects
@: confused, hasted, very quick
A: horns 2, retaliatory headbutt
a: Renounce Religion, Evoke Blink, Berserk, Trog's Hand, Brothers in Arms


You were on level 5 of the Lair of Beasts.
You worshipped Trog.
Trog was extremely pleased with you.
You visited 3 branches of the dungeon, and saw 17 of its levels.

You collected 1147 gold pieces.
You spent 270 gold pieces at shops.

Inventory:

Hand Weapons
 a - a +2 antimagic demon whip (weapon)
 b - a +5 flail of freezing
Armour
 d - a +0 kite shield (worn)
 e - a +0 pair of boots (worn)
 k - a +1 hat (worn)
 A - a +0 plate armour of willpower
 I - a +2 plate armour of fire resistance (worn)
 N - a +0 cloak (worn)
Jewellery
 f - a ring of flight
 x - a ring of protection from cold
 C - the ring of Muh Kelem (right hand) {rF+ Stlth+}
   (You found it on level 9 of the Dungeon)

   [ring of protection from fire]

   rF+:       It protects you from fire.
   Stlth+:    It makes you more stealthy.
 D - a +4 ring of protection
 G - the ring "Kisuf" (left hand) {+Blink rPois SInv}
   (You took it off a kobold brigand on level 9 of the Dungeon)

   [ring of see invisible]

   rPois:     It protects you from poison.
   SInv:      It lets you see invisible.
   +Blink:    It lets you blink.
 J - an amulet of magic regeneration (around neck)
 Q - a ring of protection from cold
Wands
 o - a wand of paralysis (35)
 s - a wand of warping (11)
 E - a wand of flame (14)
 K - a wand of light (5)
Scrolls
 g - 3 scrolls of blinking
 h - a scroll of summoning {unknown}
 n - 3 scrolls of fog
 p - 5 scrolls of revelation
 q - 2 scrolls of enchant armour
 r - a scroll of immolation
 w - 2 scrolls of vulnerability {unknown}
 y - 2 scrolls of noise {unknown}
 M - 5 scrolls of teleportation
 P - a scroll of silence {unknown}
 S - a scroll of torment {unknown}
Potions
 c - 2 potions of lignification
 i - 5 potions of attraction
 l - 4 potions of enlightenment
 t - a potion of resistance {unknown}
 v - a potion of cancellation {unknown}
 B - 2 potions of berserk rage {unknown}
 F - a potion of mutation
 L - a potion of invisibility {unknown}
 R - a potion of magic {unknown}
Miscellaneous
 H - a tin of tremorstones (2/2)


   Skills:
 * Level 15.0 Fighting
 * Level 14.9 Maces & Flails
 * Level 14.7 Armour
 + Level 10.1 Dodging
 * Level 12.8 Shields
 - Level 5.0 Evocations


You had 13 spell levels left.
You didn't know any spells.
Your spell library was empty.

Dungeon Overview and Level Annotations

Branches:
Dungeon (11/15)            Temple (0/1) D:6            Lair (5/5) D:8
 Shoals (0/4) Lair:2       Spider (0/4) Lair:3        Slime (1/5) Lair:5
    Orc: D:9-12

Altars:
Ashenzari
Cheibriados
Fedhas
Nemelex Xobeh
Qazlal
Trog
Uskayaw
Vehumet
Yredelemnul

Shops:
D:4 :   D:8 !

Annotations:
D:10 3 runed translucent doors


Innate Abilities, Weirdness & Mutations

You have a pair of horns on your head.
You reflexively headbutt those who attack you in melee.


Message History

The quicksilver ooze hits you. The quicksilver ooze engulfs you!
The quicksilver ooze hits you but does no damage.
The ooze engulfing you falls away.
You gasp with relief as air once again reaches your lungs.
The quicksilver ooze completely misses you.
The quicksilver ooze hits you but does no damage.
The quicksilver ooze closely misses you.
The quicksilver ooze hits you.
* * * LOW HITPOINT WARNING * * *
You feel your power leaking away.
The quicksilver ooze attacks as it pursues you!
The quicksilver ooze hits you. The quicksilver ooze engulfs you!
The quicksilver ooze hits you but does no damage.
You see here 7 stones.
The ooze engulfing you falls away.
You gasp with relief as air once again reaches your lungs.
You're too confused to move!
The quicksilver ooze hits you!
* * * LOW HITPOINT WARNING * * *
The quicksilver ooze engulfs you! The quicksilver ooze hits you!
* * * LOW HITPOINT WARNING * * *
You feel your power leaking away.
Okay, then.
The ooze engulfing you falls away.
You gasp with relief as air once again reaches your lungs.
The quicksilver ooze attacks as it pursues you!
The quicksilver ooze hits you. The quicksilver ooze engulfs you!
The quicksilver ooze barely misses you. The ooze engulfing you falls away.
You gasp with relief as air once again reaches your lungs.
The quicksilver ooze barely misses you.
The quicksilver ooze hits you but does no damage.
The quicksilver ooze barely misses you.
The quicksilver ooze hits you but does no damage.
The quicksilver ooze closely misses you.
The quicksilver ooze hits you.
* * * LOW HITPOINT WARNING * * *
You feel your power leaking away.
The quicksilver ooze attacks as it pursues you!
The quicksilver ooze hits you!
You die...

##....... ###...... #........
####....[. ### #.......÷. #.##
### ##........ #####..### ###
#.#####........
#..##.#..###.######....#.........
..#....#.P##....@J...............
...†...P.P.......................
..†.............................#
...............................#.
....P..P.............(..........P
.....PP.........÷................
.................................
[...............÷........<.....[.
.................................


You could see a quicksilver ooze.

Vanquished Creatures
  2 hydras
  3 catoblepae (Lair:5)
  A boulder beetle (D:9)
  A centaur warrior (D:9)
  10 death yaks
  3 two-headed ogres (D:9)
  Pikel (D:4)
  A harpy (shapeshifter) (D:9)
  A harpy (Lair:2)
  A deep elf pyromancer (D:10)
  2 cyclopes (D:11)
  4 manticores
  25 elephants
  6 black mambas
  2 gargoyles
  19 cane toads
  A torpor snail (Lair:2)
  A kobold demonologist (D:11)
  4 rime drakes
  8 komodo dragons
  A troll (D:8)
  A hornet (D:9)
  3 polar bears
  13 blink frogs
  The ghost of anet the Magician, an amateur DjHW (D:4)
  Prince Ribbit (D:6)
  A slime creature (D:9)
  3 shadows (D:11)
  A spriggan (Lair:1)
  6 wyverns
  A wraith (D:11)
  62 yaks
  A golden eye (Lair:5)
  3 vampire mosquitoes
  Grum (Lair:1)
  2 steam dragons
  Menkaure (D:6)
  Duvessa (D:5)
  An acid dragon (D:10)
  10 water moccasins
  3 orc warriors (D:9)
  A laughing skull (D:9)
  5 centaurs
  2 ogres
  2 lemures (D:4)
  8 wolves
  A weeping skull (D:10)
  A phantom (D:4)
  7 kobold brigands
  14 bullfrogs
  4 scorpions
  6 wights
  Dowan (D:5)
  8 killer bees
  3 electric eels (D:8)
  6 bombardier beetles
  An orc priest (D:5)
  A gnoll bouda (D:8)
  8 hounds
  A jelly (D:6)
  3 iguanas
  A sleepcap (D:8)
  Terence (D:2)
  8 orc wizards
  Robin (D:2)
  7 gnolls (D:8)
  12 adders
  A shadow imp (D:6)
  A white imp (D:7)
  2 dart slugs
  12 orcs
  5 bats
  7 endoplasms
  4 giant cockroaches
  12 goblins
  14 hobgoblins
  3 jackals (D:4)
  4 quokkas
  9 ball pythons
  3 frilled lizards
  35 kobolds
  2 rats
  A spectral orc (D:10)
441 creatures vanquished.

Vanquished Creatures (collateral kills)
  A skyshark (Lair:1)
1 creature vanquished.

Grand Total: 442 creatures vanquished

Notes
Turn   | Place    | Note
-------+----------+-------------------------------------------
     0 | D:1      | Bamboolord the Minotaur Berserker began the quest for the
                  | Orb.
     0 | D:1      | Reached XP level 1. HP: 19/19 MP: 0/0
    94 | D:1      | Reached XP level 2. HP: 27/27 MP: 1/1
   737 | D:2      | Reached skill level 4 in Fighting
   744 | D:2      | Reached XP level 3. HP: 26/33 MP: 2/2
   923 | D:2      | Noticed Terence
   930 | D:2      | Killed Terence
  1039 | D:2      | Reached XP level 4. HP: 39/41 MP: 3/3
  1331 | D:2      | Noticed Robin
  1335 | D:2      | Reached ** piety under Trog
  1366 | D:2      | Killed Robin
  1503 | D:3      | Reached XP level 5. HP: 25/47 MP: 4/4
  1997 | D:3      | Reached skill level 5 in Fighting
  2027 | D:3      | Found a faded altar of an unknown god.
  2271 | D:4      | Reached skill level 5 in Maces & Flails
  2345 | D:4      | Noticed a lemure
  2346 | D:4      | Noticed a lemure
  2346 | D:4      | Noticed Pikel
  2347 | D:4      | Noticed a lemure
  2348 | D:4      | Noticed a lemure
  2358 | D:4      | Killed a lemure
  2368 | D:4      | Killed a lemure
  2371 | D:4      | Killed Pikel
  2372 | D:4      | Reached skill level 6 in Fighting
  2372 | D:4      | Reached skill level 5 in Armour
  2372 | D:4      | Reached XP level 6. HP: 45/58 MP: 5/5
  2372 | D:4      | Reached XP level 7. HP: 50/64 MP: 6/6
  2610 | D:4      | Found a runed translucent gate.
  2610 | D:4      | Found a runed translucent gate.
  2610 | D:4      | Found a runed translucent gate.
  2634 | D:4      | Noticed anet's ghost (amateur DjHW)
  2658 | D:5      | Entered Level 5 of the Dungeon
  2805 | D:5      | Reached *** piety under Trog
  2908 | D:5      | Noticed Duvessa
  2908 | D:5      | Noticed Dowan
  2929 | D:5      | Killed Duvessa
  2952 | D:5      | Killed Dowan
  2953 | D:5      | Reached skill level 7 in Fighting
  2953 | D:5      | Reached XP level 8. HP: 60/73 MP: 7/7
  3878 | D:4      | Killed anet's ghost
  3879 | D:4      | Reached skill level 5 in Dodging
  4043 | D:4      | Found Dayty's Vocational Training.
  4089 | D:4      | Reached skill level 8 in Fighting
  4306 | D:6      | Noticed Prince Ribbit
  4318 | D:6      | Killed Prince Ribbit
  4319 | D:6      | Reached skill level 1 in Shields
  4413 | D:6      | Reached XP level 9. HP: 82/82 MP: 8/8
  4494 | D:6      | Noticed Menkaure
  4562 | D:6      | Killed Menkaure
  4856 | D:6      | Found a staircase to the Ecumenical Temple.
  5217 | D:7      | You are sucked into a shaft and drop 2 floors!
  5314 | D:8      | Reached **** piety under Trog
  5377 | D:8      | Reached skill level 9 in Fighting
  5706 | D:8      | Noticed a troll
  5713 | D:8      | Killed a troll
  5831 | D:8      | Found a staircase to the Lair.
  6136 | D:7      | Found a bloodstained altar of Trog.
  6342 | D:7      | Found a radiant altar of Vehumet.
  6406 | D:7      | Found a snail-covered altar of Cheibriados.
  6457 | D:7      | Found a hide-covered altar of Uskayaw.
  6483 | D:7      | Reached XP level 10. HP: 82/92 MP: 9/9
  6772 | D:7      | Noticed a manticore
  6773 | D:7      | Reached skill level 5 in Shields
  6778 | D:7      | Killed a manticore
  6907 | D:7      | Found a broken altar of Ashenzari.
  6919 | D:7      | Found a stormy altar of Qazlal.
  7272 | D:8      | Reached skill level 10 in Fighting
  7376 | D:8      | Found a sparkling altar of Nemelex Xobeh.
  7439 | D:8      | Found Rovidir's Distillery.
  7445 | D:8      | Bought 2 potions of heal wounds for 150 gold pieces
  7445 | D:8      | Bought a potion of heal wounds for 75 gold pieces
  7445 | D:8      | Bought a potion of curing for 45 gold pieces
  7853 | D:9      | Noticed a two-headed ogre
  7858 | D:9      | Killed a two-headed ogre
  7859 | D:9      | Reached skill level 10 in Maces & Flails
  8104 | D:9      | Noticed a two-headed ogre
  8113 | D:9      | Killed a two-headed ogre
  8114 | D:9      | Reached skill level 10 in Armour
  8390 | D:9      | Identified the ring "Kisuf" {+Blink rPois SInv}
  8400 | D:9      | Reached ***** piety under Trog
  8403 | D:9      | Reached XP level 11. HP: 53/101 MP: 10/10
  8410 | D:9      | Noticed a harpy
  8417 | D:9      | Killed a harpy
  8418 | D:9      | Reached skill level 11 in Fighting
  8640 | D:9      | Noticed a boulder beetle
  8644 | D:9      | Noticed a centaur warrior
  8652 | D:9      | Killed a boulder beetle
  8660 | D:9      | Killed a centaur warrior
  8663 | D:9      | Reached skill level 1 in Evocations
  8679 | D:9      | Identified the ring of Muh Kelem {rF+ Stlth+}
  8934 | D:9      | Noticed a two-headed ogre
  8942 | D:9      | Killed a two-headed ogre
  9336 | D:10     | Entered Level 10 of the Dungeon
  9378 | D:10     | Found a runed translucent gate.
  9378 | D:10     | Found a runed translucent gate.
  9378 | D:10     | Found a runed translucent gate.
  9378 | D:10     | Noticed a deep troll
  9378 | D:10     | Noticed a white ugly thing
  9378 | D:10     | Noticed a red ugly thing
  9379 | D:10     | Noticed a glowing orange brain
  9379 | D:10     | Noticed a red ugly thing
  9381 | D:10     | Noticed a purple ugly thing
  9382 | D:10     | a deep troll changed into a glowing shapeshifter
  9382 | D:10     | Noticed a glowing shapeshifter (glowing shapeshifter)
  9382 | D:10     | Noticed a red ugly thing
  9383 | D:10     | a glowing shapeshifter changed into an eye of devastation
  9405 | D:10     | Found a blossoming altar of Fedhas.
  9479 | D:10     | Noticed a deep elf pyromancer
  9488 | D:10     | Killed a deep elf pyromancer
  9503 | D:10     | Found a basalt altar of Yredelemnul.
 10234 | D:10     | a manticore changed into a skyshark
 10234 | D:10     | Noticed a skyshark (glowing shapeshifter)
 10236 | D:10     | a skyshark changed into a glowing orange brain
 10236 | D:10     | Noticed a glowing orange brain (glowing shapeshifter)
 10238 | D:10     | a glowing orange brain changed into a manticore
 10250 | D:10     | a troll changed into a steelbarb worm
 10250 | D:10     | Noticed a steelbarb worm (glowing shapeshifter)
 10252 | D:10     | a steelbarb worm changed into an anaconda
 10252 | D:10     | Noticed an anaconda (glowing shapeshifter)
 10254 | D:10     | an anaconda changed into a salamander
 10264 | D:10     | a queen bee changed into a sun moth
 10264 | D:10     | Noticed a sun moth (glowing shapeshifter)
 10819 | D:11     | Reached skill level 12 in Fighting
 11016 | Lair:1   | Entered Level 1 of the Lair of Beasts
 11022 | Lair:1   | Identified the +1 ring mail of a sewer {Slay+4}
 11038 | Lair:1   | Reached XP level 12. HP: 68/112 MP: 11/11
 12280 | Lair:1   | Noticed Grum
 12295 | Lair:1   | Killed Grum
 12665 | Lair:2   | Found a staircase to the Shoals.
 12744 | Lair:2   | Noticed a death yak
 12746 | Lair:2   | Noticed a death yak
 12748 | Lair:2   | Noticed a death yak
 12763 | Lair:2   | Reached skill level 10 in Shields
 12781 | Lair:2   | Killed a death yak
 12782 | Lair:2   | Reached skill level 13 in Fighting
 12789 | Lair:2   | Killed a death yak
 12805 | Lair:2   | Killed a death yak
 13239 | Lair:2   | Reached XP level 13. HP: 122/122 MP: 12/12
 13783 | Lair:3   | Found a hole to the Spider Nest.
 13843 | Lair:3   | Received a gift from Trog
 14280 | Lair:3   | Identified the +2 ring mail of the Butcher {Harm Int+6
                  | Dex-4 Stlth+}
 15094 | Lair:4   | Reached skill level 14 in Fighting
 15661 | Lair:5   | Entered Level 5 of the Lair of Beasts
 15879 | Lair:5   | Reached skill level 5 in Evocations
 16051 | Lair:5   | Reached XP level 14. HP: 133/133 MP: 4/13
 16165 | Lair:5   | Reached ****** piety under Trog
 16169 | Lair:5   | Received a gift from Trog
 16885 | Lair:5   | Reached skill level 10 in Dodging
 16977 | Lair:5   | Found a staircase to the Slime Pits.
 17256 | Lair:5   | Reached skill level 15 in Fighting
 17494 | Slime:1  | Entered Level 1 of the Pits of Slime
 17494 | Slime:1  | Noticed a quicksilver ooze
 17552 | Lair:5   | Slain by a quicksilver ooze

Illustrated notes

Levels and vault maps discovered:
D:1:      ebering_trefoil_twist, layout_loops_cross
D:2:      layout_loops_ring, minmay_tripent, uniq_terence, uniq_robin
D:3:      layout_loops_ring, basic_ecumenical_altar
D:4:      layout_loops_ring, gammafunk_ghost_nasty_kobolds,
          nicolae_shop_vocational, uniq_pikel
D:5:      layout_basic, uniq_duvessa
D:6:      layout_basic, temple_green, uniq_prince_ribbit1, uniq_menkaure
D:7:      layout_basic, mainiacjoe_overflow_cross_hatched,
          mainiacjoe_overflow_six_doors_small, amethyst_overflow_temple_binary,
          cheibriados_altar_1, nicolae_vehumet_altar_sigil
D:8:      layout_basic, general_overflow_altar, erik_lair_island, serial_shops,
          shop, nicolae_water_bricks, ebering_dispersal_statue_hall
D:9:      minmay_the_grid_triangle_9x9_rhombus_thin_mashed
          [minmay_the_grid_triangle_9x9_from_above,
          minmay_the_grid_triangle_9x9_prize_schism,
          minmay_the_grid_triangle_9x9_sprig,
          minmay_the_grid_triangle_9x9_semitri], layout_long_grid,
          minmay_between
D:10:     layout_cave_pods, yredelemnul_forgotten_temple_becter, fedhas_altar_1,
          ploomutoo_gammafunk_ghost_potion_laboratory
D:11:     layout_roguey
Lair:1:   layout_cave_pods, serial_rivers, chequers_serial_rivers_large_b,
          chequers_serial_rivers_small_3, chequers_serial_rivers_room_b,
          chequers_serial_rivers_small_3, chequers_serial_rivers_small_b,
          grunt_forest_large_clearing_hut, uniq_grum
Lair:2:   layout_regular_city, nicolae_shoals_entry_roost,
          infiniplex_staircase_pool
Lair:3:   layout_loops_ring, dummy_spider_entry
Lair:4:   layout_long_grid, lemuel_fruit_fields, serial_bayou_shore_a,
          grunt_megastairs_5
Lair:5:   evilmike_catoblepas_cave, layout_hall_layers, slime_entry_1
Slime:1:  layout_caves

Skill      XL: |  1  2  3  4  5  6  7  8  9 10 11 12 13 14 |
---------------+-------------------------------------------+-----
Maces & Flails | 4 6 8 9 10 12 13 14 | 14.9
Fighting       | 4 6 7 8 9 10 12 13 14 15 | 15.0
Armour         | 3 5 6 7 9 10 11 12 14 | 14.7
Dodging        | 3 4 5 6 7 8 9 10 | 10.1
Shields        | 1 4 7 8 10 12 | 12.8
Evocations     | 2 3 5 |  5.0

Action                     |  1- 3 |  4- 6 |  7- 9 | 10-12 | 13-15 || total
---------------------------+-------+-------+-------+-------+-------++-------
  Melee: Mace              |    80 |    53 |       |       |       ||   133
         Headbutt          |    11 |    19 |    56 |    98 |   208 ||   392
         Whip              |       |    63 |   356 |    25 |       ||   444
         Flail             |       |       |       |   468 |   107 ||   575
         Demon whip        |       |       |       |       |   575 ||   575
 Invoke: Berserk           |       |     1 |     3 |     3 |     3 ||    10
         Trog's Hand       |       |       |     2 |     1 |       ||     3
         Brothers in Arms  |       |       |       |     2 |       ||     2
  Evoke: Wand              |       |       |     6 |     2 |       ||     8
    Use: Scroll            |       |       |     9 |     2 |     4 ||    15
         Potion            |       |       |     1 |     1 |    10 ||    12
   Stab: Distracted        |       |     1 |       |       |       ||     1
         Petrified         |       |       |       |       |     4 ||     4
 Armour: Animal skin       |     4 |       |       |       |       ||     4
         Chain mail        |    55 |    92 |   249 |       |       ||   396
         Plate armour      |       |       |    18 |   358 |   452 ||   828
  Dodge: Dodged            |    49 |    48 |   146 |   144 |   162 ||   549
  Block: Kite shield       |       |       |    76 |   228 |   299 ||   603

Table legend: (Time is in decaauts)
 A = Elapsed time spent in this place.
 B = Non-inter-level travel time spent in this place.
 C = Inter-level travel time spent in this place.
 D = Time resting spent in this place.
 E = Time spent auto-exploring this place.
 F = Levels seen in this place.
 G = Mean time per level.
                   A        B        C        D        E       F      G
               +--------+--------+--------+--------+--------+-----+--------+
         Total |  17317 |  16904 |    413 |   2003 |  11630 |  17 | 1018.6 |
       Dungeon |  10985 |  10637 |    348 |    838 |   7756 |  11 |  998.6 |
          Lair |   6325 |   6261 |     64 |   1165 |   3874 |   5 | 1265.0 |
    Slime Pits |      6 |      6 |      0 |      0 |      0 |   1 |    6.0 |
               +--------+--------+--------+--------+--------+-----+--------+

Top non-repeatable levels by time:
  Lair:5: 1730 daAuts
  Lair:1: 1625 daAuts
     D:9: 1600 daAuts
     D:8: 1424 daAuts
     D:7: 1209 daAuts
  Lair:2: 1166 daAuts
     D:5: 1146 daAuts
  Lair:3: 1018 daAuts
    D:10: 941 daAuts
     D:4: 885 daAuts
     D:2: 848 daAuts
     D:6: 809 daAuts
  Lair:4: 783 daAuts
     D:3: 755 daAuts
    D:11: 700 daAuts
